[Event "Titled Tuesday Blitz March 14 Late 2023"]
[White "Rustemov, Alexander"]
[Black "Osmak, Yuliia"]
[WhiteFideId "4119002"]
[BlackFideId "14101602"]
[WhiteElo "2914"]
[BlackElo "2271"]
[Result "1/2-1/2"]
[Round "11"]
[TimeControl "180+2"]
[Date "2023.03.14"]
[WhiteClock "0:00:02"]
[BlackClock "0:00:04"]

1. d4 d5 2. c4 e6 3. Nc3 Nf6 4. cxd5 exd5 5. Bg5 c6 6. e3 h6 7. Bh4 Bd6 8. Bd3 Nbd7 9. Qc2 O-O 10. Nge2 Re8 11. h3 Be7 12. O-O Ne4 13. Bxe7 Qxe7 14. Rae1 Ndf6 15. f3 Nxc3 16. Nxc3 Qd6 17. Qf2 Nh5 18. Ne2 f5 19. g4 fxg4 20. hxg4 Nf6 21. Ng3 Bd7 22. a3 Rf8 23. Qh2 Rae8 24. Nf5 Qxh2+ 25. Kxh2 Bxf5 26. Bxf5 Re7 27. Bg6 Ne8 28. Kg3 Rf6 29. Bxe8 Rxe8 30. b4 Rfe6 31. Kf2 a6 32. a4 Kf7 33. Re2 g5 34. b5 axb5 35. axb5 Ra8 36. bxc6 bxc6 37. Rb1 Kg6 38. Rb3 Rf6 39. Kg2 h5 40. gxh5+ Kxh5 41. Kg3 Raf8 42. Rf2 Kg6 43. Kg4 Re8 44. Rc3 Rh8 45. Rfc2 Rc8 46. Rc5 Re8 47. R2c3 Ree6 48. Ra5 Re7 49. Ra8 Ref7 50. Rg8+ Kh7 51. Rxg5 Rxf3 52. Rc2 Rf2 53. Rxf2 Rxf2 54. Re5 Kg6 55. Re6+ Rf6 56. Re7 Rf7 57. Re6+ Rf6 58. Re7 Rf7 59. Re8 Rf6 60. Rc8 Kf7 61. Rc7+ Kg6 62. Kg3 Kf5 63. Kf3 Kg5+ 64. Ke2 Kg4 65. Kd3 Kf3 66. Rg7 Kf2 67. Rg5 Kf3 68. Rg1 Kf2 69. Rg7 Kf3 70. Re7 Kg4 71. Kc3 Kf3 72. Kb4 Ke2 73. Kc5 Kd3 74. Re5 Rg6 75. Re8 Rf6 76. Re7 Rg6 77. Re5 Rf6 78. Kb6 Rg6 79. Kc7 Kc4 80. Kd7 c5 81. dxc5 Kxc5 82. e4 Rd6+ 83. Ke7 Kc6 84. exd5+ Rxd5 85. Rxd5 Kxd5 1/2-1/2


[Site "https://www.chess.com"]

[Event "Titled Tuesday Blitz March 14 Late 2023"]
[White "Vlassov, Nikolai"]
[Black "Yeletsky, Ivan"]
[WhiteFideId "4103360"]
[BlackFideId "24180327"]
[WhiteElo "2324"]
[BlackElo "2414"]
[Result "0-1"]
[Round "11"]
[TimeControl "180+2"]
[Date "2023.03.14"]
[WhiteClock "0:00:08"]
[BlackClock "0:00:13"]

1. e4 Nc6 2. d4 d5 3. Nc3 dxe4 4. d5 Nb8 5. Bf4 Nf6 6. Nb5 Na6 7. c4 e6 8. a3 exd5 9. cxd5 Nxd5 10. Bg3 c6 11. Bc4 Be7 12. Ne2 O-O 13. Bxd5 cxd5 14. O-O Bg4 15. h3 Bh5 16. Qd2 Nc5 17. Ned4 a6 18. Nc3 Bg6 19. b4 Nd3 20. Qa2 Bf6 21. Nce2 Rc8 22. Rad1 Rc4 23. Nb3 Qc8 24. Rd2 Bg5 25. Na5 Nc1 26. Nxc1 Rxc1 27. Rdd1 Rxd1 28. Rxd1 e3 29. Rxd5 Qc1+ 30. Kh2 Bf6 31. fxe3 Qxe3 32. Nc4 Qe6 33. Rd6 Qe4 34. Nd2 Qe2 35. Qd5 h5 0-1


[Site "https://www.chess.com"]

[Event "Titled Tuesday Blitz March 14 Late 2023"]
[White "Galchenko, Matvey"]
[Black "O`Gorman, Tom"]
[WhiteFideId "24175480"]
[BlackFideId "2508249"]
[WhiteElo "2404"]
[BlackElo "2271"]
[Result "1-0"]
[Round "11"]
[TimeControl "180+2"]
[Date "2023.03.14"]
[WhiteClock "0:02:21"]
[BlackClock "0:02:32"]

1. f4 d5 2. Nf3 Nf6 3. g3 c6 4. Bg2 Qb6 5. e3 Bg4 6. O-O Nbd7 7. Nc3 e5 8. h3 Bxf3 9. Qxf3 Bd6 10. Kh1 e4 11. Qe2 O-O-O 12. d3 Rde8 13. dxe4 dxe4 14. Rd1 Qc7 15. b3 h5 16. Bb2 Bc5 17. Na4 Be7 18. c4 Kb8 19. Rd2 Nc5 20. Be5 1-0


[Site "https://www.chess.com"]

[Event "Titled Tuesday Blitz March 14 Late 2023"]
[White "Pakleza, Zbigniew"]
[Black "Filgueira, Hernan"]
[WhiteFideId "1119290"]
[BlackFideId "101770"]
[WhiteElo "2410"]
[BlackElo "2363"]
[Result "1-0"]
[Round "11"]
[TimeControl "180+2"]
[Date "2023.03.14"]
[WhiteClock "0:00:04"]
[BlackClock "0:00:01"]

1. d4 e6 2. Nf3 f5 3. c4 Nf6 4. Nc3 Bb4 5. Qb3 a5 6. a3 Bxc3+ 7. Qxc3 b6 8. Bg5 O-O 9. g3 Bb7 10. Bg2 d6 11. Bxf6 Qxf6 12. O-O Nd7 13. Rfd1 a4 14. Rac1 Qe7 15. Qb4 e5 16. Nxe5 Bxg2 17. Nxd7 Bh3 18. Nxf8 Qe4 19. f3 Qe3+ 20. Kh1 Qxe2 21. Qd2 Qxf3+ 22. Kg1 Rxf8 23. Qf2 Qh5 24. Re1 f4 25. gxf4 Qg4+ 26. Qg3 Rxf4 27. Re8+ Kf7 28. Rce1 Qxg3+ 29. hxg3 Rxd4 30. R8e7+ Kf6 31. Rxc7 Rd2 32. Rc6 Rg2+ 33. Kh1 Rxb2 34. Rxd6+ Kg5 35. Rd4 Bf5 36. Re5 h5 37. Rb5 Ra2 38. Rd3 1-0


[Site "https://www.chess.com"]

[Event "Titled Tuesday Blitz March 14 Late 2023"]
[White "Larino Nieto, David"]
[Black "Melikyan, Gnel"]
[WhiteFideId "2256444"]
[BlackFideId "54109990"]
[WhiteElo "2506"]
[BlackElo "2138"]
[Result "1-0"]
[Round "11"]
[TimeControl "180+2"]
[Date "2023.03.14"]
[WhiteClock "0:00:59"]
[BlackClock "0:00:19"]

1. e4 c5 2. Nc3 a6 3. g3 b5 4. Bg2 Bb7 5. d3 e6 6. f4 Nf6 7. Nf3 d5 8. e5 Nfd7 9. O-O Nc6 10. a3 Rc8 11. Ne2 g6 12. c3 Be7 13. d4 cxd4 14. cxd4 Nb6 15. b3 a5 16. h3 Ba6 17. Rf2 b4 18. a4 Bf8 19. g4 Ne7 20. Ng3 Qd7 21. Bd2 h5 22. Bf1 Bxf1 23. Qxf1 h4 24. Nh1 Bg7 25. Qd3 Qc6 26. Raf1 Qc2 27. Qxc2 Rxc2 28. Be1 Rc1 29. Rb2 Bh6 30. Bd2 Rc7 31. Rc1 Rxc1+ 32. Bxc1 Kd7 33. Rc2 Bg7 34. Nf2 Kd8 35. Nd3 Nd7 36. Nc5 Nc8 37. Nb7+ Ke7 38. Nxa5 Ncb6 39. Nc6+ Kf8 40. a5 Na8 41. Nxb4 Kg8 42. Rc8+ Kh7 43. Ng5+ 1-0


[Site "https://www.chess.com"]

[Event "Titled Tuesday Blitz March 14 Late 2023"]
[White "Tanenbaum, Zachary"]
[Black "Ambartsumova, Karina"]
[WhiteFideId "2060850"]
[BlackFideId "4166299"]
[WhiteElo "2175"]
[BlackElo "2300"]
[Result "1-0"]
[Round "11"]
[TimeControl "180+2"]
[Date "2023.03.14"]
[WhiteClock "0:00:09"]
[BlackClock "0:00:03"]

1. e4 e5 2. Nf3 Nc6 3. Bc4 Nf6 4. d3 h6 5. c3 d6 6. Nbd2 g5 7. O-O Bg7 8. h3 d5 9. exd5 Nxd5 10. d4 O-O 11. dxe5 Nf4 12. Qc2 Nxe5 13. Nxe5 Bxe5 14. Nf3 Bg7 15. Bxf4 gxf4 16. Rad1 Qf6 17. Qe4 c6 18. Bd3 Rd8 19. Rfe1 Be6 20. Bc4 Re8 21. Bxe6 Rxe6 22. Qc4 Rae8 23. Rxe6 Qxe6 24. Qxe6 Rxe6 25. Rd7 b5 26. Kf1 a5 27. Nd4 Bxd4 28. Rxd4 f3 29. gxf3 Kg7 30. a4 Re5 31. Rd6 Rc5 32. Ke2 Rc4 33. axb5 cxb5 34. Kd3 Rf4 35. Ke3 Rf5 36. Ke4 Rc5 37. Rd5 Rc4+ 38. Kd3 Rf4 39. Ke3 Rh4 40. Rxb5 a4 41. Rb4 Rxh3 42. Rxa4 Rh1 43. Rb4 h5 44. f4 h4 45. Kf3 Rg1 46. f5 h3 47. Rh4 Rb1 48. Rxh3 Rxb2 49. Ke3 Kf6 50. Rf3 Rc2 51. Kd4 Rc1 52. c4 Kg5 53. Kc5 f6 54. Kd5 Kg4 55. Rd3 Kxf5 56. c5 Kf4 57. Kd6 f5 58. c6 Ke4 59. Rd2 f4 60. c7 Kf3 61. Kd7 Rh1 62. c8=Q Rh7+ 63. Kd6 Rh8 64. Qxh8 1-0


[Site "https://www.chess.com"]

[Event "Titled Tuesday Blitz March 14 Late 2023"]
[White "Di Berardino, Diego Rafael"]
[Black "Mirzoev, Azer"]
[WhiteFideId "2105446"]
[BlackFideId "13400304"]
[WhiteElo "2432"]
[BlackElo "2525"]
[Result "1/2-1/2"]
[Round "11"]
[TimeControl "180+2"]
[Date "2023.03.14"]
[WhiteClock "0:00:07"]
[BlackClock "0:00:18"]

1. e4 c6 2. d4 d5 3. exd5 cxd5 4. c4 Nf6 5. Nc3 e6 6. Nf3 Be7 7. cxd5 Nxd5 8. Bd3 Nc6 9. O-O Nf6 10. Re1 O-O 11. a3 b6 12. Bc2 Bb7 13. Qd3 Re8 14. d5 exd5 15. Bg5 Ne4 16. Nxd5 Bxg5 17. Rxe4 Rxe4 18. Qxe4 g6 19. Rd1 Bh6 20. Bb3 Bg7 21. h4 Qf8 22. Ng5 Re8 23. Qf4 Ne5 24. Nf6+ Bxf6 25. Qxf6 Qe7 26. Qf4 h6 27. Ne4 Kg7 28. Nd6 Rb8 29. Nxb7 Rxb7 30. Qd4 Rd7 31. Qe4 Rxd1+ 32. Bxd1 Qf6 33. Bb3 h5 34. g3 Ng4 35. Qe2 Qd4 36. Kg2 a5 37. Ba2 b5 38. Bb1 b4 39. axb4 axb4 40. Be4 Nxf2 41. Bxg6 Kxg6 42. Qxf2 Qe4+ 43. Kh2 b3 44. Qb6+ f6 45. Qxb3 Qe2+ 46. Kg1 Qe1+ 47. Kg2 Qe2+ 48. Kg1 Qe1+ 49. Kg2 Qe2+ 50. Kg1 1/2-1/2


[Site "https://www.chess.com"]

[Event "Titled Tuesday Blitz March 14 Late 2023"]
[White "Kurtz, Eric M"]
[Black "Matinian, Nikita"]
[WhiteFideId "30939763"]
[BlackFideId "24129100"]
[WhiteElo "2594"]
[BlackElo "2422"]
[Result "0-1"]
[Round "11"]
[TimeControl "180+2"]
[Date "2023.03.14"]
[WhiteClock "0:00:13"]
[BlackClock "0:00:24"]

1. c4 e5 2. g3 Nf6 3. Bg2 c6 4. d4 exd4 5. Qxd4 d5 6. Nf3 Be7 7. O-O O-O 8. cxd5 cxd5 9. Nc3 Nc6 10. Qa4 Be6 11. Rd1 Qb6 12. Qb5 Qxb5 13. Nxb5 Rac8 14. Nbd4 Ne4 15. Be3 Bf6 16. Rab1 g5 17. a3 g4 18. Nxe6 fxe6 19. Nd2 Nd6 20. Rdc1 Nf5 21. Bc5 Rfd8 22. a4 b6 23. Ba3 Ncd4 24. Kf1 Nc2 25. e4 Nfd4 26. exd5 exd5 27. Rd1 Kg7 28. h3 h5 29. hxg4 hxg4 30. Rbc1 Bg5 31. Rb1 Rf8 32. Bxf8+ Rxf8 33. Rbc1 Ne3+ 34. Kg1 Ne2+ 35. Kh2 Rh8+ 0-1


[Site "https://www.chess.com"]

[Event "Titled Tuesday Blitz March 14 Late 2023"]
[White "Sakun, Volodymyr"]
[Black "Fiorito, Joaquin"]
[WhiteFideId "14114062"]
[BlackFideId "180173"]
[WhiteElo "2331"]
[BlackElo "2157"]
[Result "1-0"]
[Round "11"]
[TimeControl "180+2"]
[Date "2023.03.14"]
[WhiteClock "0:00:16"]
[BlackClock "0:00:01"]

1. d4 Nf6 2. c4 e6 3. g3 d5 4. Nf3 dxc4 5. Bg2 c5 6. O-O Nc6 7. Qa4 Bd7 8. dxc5 Bxc5 9. Qxc4 Be7 10. Nc3 O-O 11. Rd1 Rc8 12. Bg5 a6 13. Bxf6 Bxf6 14. Ne4 Be7 15. Qd3 Be8 16. Nd6 Bxd6 17. Qxd6 Qf6 18. Rab1 Rd8 19. Qa3 Bd7 20. Nd2 Nd4 21. Ne4 Qe5 22. f4 Nxe2+ 23. Kf2 Qh5 24. Qf3 Qa5 25. Qxe2 Qxa2 26. Nc3 Qb3 27. Rd2 Bc8 28. Rbd1 Rxd2 29. Qxd2 b5 30. Ne4 Qc4 31. Qc3 Qa4 32. Rd2 Qa1 33. b4 Qb1 34. Nd6 Bd7 35. Nb7 Rc8 36. Qxc8+ 1-0


[Site "https://www.chess.com"]

[Event "Titled Tuesday Blitz March 14 Late 2023"]
[White "Papasimakopoulos, Alexandros"]
[Black "Ezat, Mohamed"]
[WhiteFideId "4244125"]
[BlackFideId "10600906"]
[WhiteElo "2359"]
[BlackElo "2386"]
[Result "1-0"]
[Round "11"]
[TimeControl "180+2"]
[Date "2023.03.14"]
[WhiteClock "0:02:16"]
[BlackClock "0:01:53"]

1. d4 Nf6 2. c4 g6 3. Nc3 Bg7 4. Bg5 d6 5. e3 O-O 6. Be2 h6 7. Bh4 Nbd7 8. Nf3 g5 9. Bg3 Nh5 10. Nd2 Nxg3 11. hxg3 c5 12. d5 Ne5 13. f4 Ng6 14. Bd3 e5 15. dxe6 Bxe6 16. Qh5 Nh8 17. fxg5 Bxc3 18. Qxh6 Re8 19. Bh7# 1-0


[Site "https://www.chess.com"]

[Event "Titled Tuesday Blitz March 14 Late 2023"]
[White "Quinones Garcia, Santiago"]
[Black "Piesik, Piotr"]
[WhiteFideId "4408497"]
[BlackFideId "1136194"]
[WhiteElo "2263"]
[BlackElo "2311"]
[Result "0-1"]
[Round "11"]
[TimeControl "180+2"]
[Date "2023.03.14"]
[WhiteClock "0:00:01"]
[BlackClock "0:00:14"]

1. d4 c5 2. d5 e5 3. Nc3 d6 4. e4 Be7 5. Nf3 a6 6. a4 Bg4 7. Be2 Bxf3 8. Bxf3 Bg5 9. O-O Bxc1 10. Qxc1 Ne7 11. Nb1 O-O 12. Nd2 f5 13. Nc4 Rf6 14. exf5 Nxf5 15. Be4 Nd4 16. Qd2 Nd7 17. a5 Qe7 18. Ra3 Rf4 19. Re3 Nf6 20. f3 Rf8 21. c3 Nb5 22. Rfe1 Qf7 23. Qd3 Nxe4 24. Rxe4 Qg6 25. Qe2 Nc7 26. Rxf4 Rxf4 27. Rd1 Ne8 28. Nd2 Nf6 29. g3 h5 30. Kh1 Rf5 31. Nc4 Nh7 32. Qe4 Ng5 33. Qc2 Nf7 34. Ne3 Rf6 35. Qxg6 Rxg6 36. Nf5 Rf6 37. g4 g6 38. Nh4 hxg4 39. fxg4 Kg7 40. Kg2 Rf4 41. h3 Ng5 42. Rf1 Rxf1 43. Kxf1 Nxh3 44. Nf3 Nf4 45. Ng5 Kf6 46. Ke1 Kxg5 0-1


[Site "https://www.chess.com"]

[Event "Titled Tuesday Blitz March 14 Late 2023"]
[White "Sonnenschein, Philipp"]
[Black "Priasmoro, Novendra"]
[WhiteFideId "16250877"]
[BlackFideId "7105029"]
[WhiteElo "2224"]
[BlackElo "2412"]
[Result "0-1"]
[Round "11"]
[TimeControl "180+2"]
[Date "2023.03.14"]
[WhiteClock "0:00:03"]
[BlackClock "0:00:11"]

1. e4 c5 2. Nf3 Nc6 3. Bb5 g6 4. O-O Bg7 5. c3 Nf6 6. Re1 O-O 7. d4 cxd4 8. cxd4 d5 9. e5 Ne4 10. Be3 Qb6 11. Bxc6 bxc6 12. Qc1 f6 13. exf6 exf6 14. Nc3 Bf5 15. Nxe4 Bxe4 16. Nd2 Rfe8 17. Qc3 Bf8 18. Rac1 Rac8 19. a3 Bf5 20. b4 Re6 21. Nb3 Qb5 22. Bd2 Rxe1+ 23. Rxe1 Qd3 24. Qxd3 Bxd3 25. Nc5 Bc4 26. Bf4 Kf7 27. f3 g5 28. Bd2 Bd6 29. Nb7 Be7 30. Nc5 h5 31. Kf2 h4 32. f4 g4 33. Re3 Bd6 34. Re1 Rg8 35. Nb7 Bc7 36. Nc5 g3+ 37. hxg3 Rxg3 38. Re3 Bxf4 39. Rxg3 hxg3+ 40. Ke1 Bxd2+ 41. Kxd2 Bf1 42. Ke3 Bxg2 43. Kf4 Bf1 44. Kxg3 Kg6 45. Nb3 Kf5 46. Kf3 Bb5 47. Nc5 Bc4 48. Nb7 Kg5 49. Nd8 Bb5 50. Ne6+ Kf5 51. Nc5 Kg5 52. a4 Bc4 53. a5 Bb5 54. Ne6+ Kf5 55. Nc7 Ba4 56. Ne8 Ke6 57. Ng7+ Kf7 58. Nf5 Bc2 59. Ne3 Be4+ 60. Kf4 Kg6 61. Nd1 Bd3 62. Nc3 Bb5 63. Nd1 Be2 64. Ne3 Bd3 65. Nd1 Kh5 66. Ne3 Kh4 67. Nf5+ Kh3 68. Ne7 Bb5 69. Nc8 a6 70. Ne7 Kg2 71. Kf5 Kf3 72. Nc8 Ke3 73. Kxf6 Kxd4 74. Nb6 Kc3 75. Ke6 Kxb4 76. Nxd5+ cxd5 77. Kxd5 Kxa5 78. Kd4 Kb4 79. Ke3 Kb3 80. Kd2 Kb2 81. Kd1 a5 0-1


[Site "https://www.chess.com"]

[Event "Titled Tuesday Blitz March 14 Late 2023"]
[White "Mendonca, Leon Luke"]
[Black "Yelisieiev, Yevhenii"]
[WhiteFideId "35028561"]
[BlackFideId "14139642"]
[WhiteElo "2464"]
[BlackElo "2447"]
[Result "1-0"]
[Round "11"]
[TimeControl "180+2"]
[Date "2023.03.14"]
[WhiteClock "0:00:49"]
[BlackClock "0:00:06"]

1. e4 d6 2. Nf3 Nf6 3. Nc3 e5 4. d4 Nbd7 5. Be2 c6 6. O-O Be7 7. a4 a5 8. h3 O-O 9. Be3 Re8 10. Re1 h6 11. Qd2 Bf8 12. Bd3 exd4 13. Bxd4 Nc5 14. Rad1 Nxd3 15. Qxd3 Nd7 16. Be3 Qc7 17. b3 Ne5 18. Qe2 Nxf3+ 19. Qxf3 Be6 20. Bf4 Rad8 21. Rd3 Qb6 22. Red1 Qc5 23. R1d2 g5 24. Be3 Qb4 25. h4 g4 26. Qg3 Bg7 27. Bd4 Bxd4 28. Rxd4 Qc5 29. Rxd6 Rxd6 30. Rxd6 b5 31. Rd2 b4 32. Ne2 h5 33. Qf4 Kf8 34. Nd4 Ke7 35. Nxe6 fxe6 36. Qc7+ Kf8 37. Rd7 Re7 38. Rxe7 Qxe7 39. Qxa5 Qxh4 40. Qxb4+ Kf7 41. Qb7+ Kf6 42. Qc7 Kg6 43. Qxc6 Qf6 44. Qc4 h4 45. Qe2 Qa1+ 46. Kh2 Qe5+ 47. g3 hxg3+ 48. fxg3 Qh5+ 49. Kg1 Qc5+ 50. Kg2 Kh5 51. Qb5 Qxb5 52. axb5 Kg5 53. b6 Kf6 54. b7 Ke5 55. b8=Q+ Kxe4 56. Qg8 Ke3 57. Qxe6+ Kd2 58. Qxg4 Kxc2 59. b4 Kb3 60. b5 1-0


[Site "https://www.chess.com"]

[Event "Titled Tuesday Blitz March 14 Late 2023"]
[White "Nazaretyan, Tigran"]
[Black "Ashraf, Artin"]
[WhiteFideId "24162345"]
[BlackFideId "22514805"]
[WhiteElo "2111"]
[BlackElo "2188"]
[Result "0-1"]
[Round "11"]
[TimeControl "180+2"]
[Date "2023.03.14"]
[WhiteClock "0:00:02"]
[BlackClock "0:00:04"]

1. d4 Nf6 2. c4 b6 3. Nf3 Bb7 4. Nc3 e6 5. a3 d5 6. cxd5 exd5 7. Bf4 a6 8. g3 Bd6 9. Ne5 Nbd7 10. Bh3 Qe7 11. Nd3 O-O 12. O-O Rfe8 13. Rc1 h6 14. Bg2 Qe6 15. e3 Rac8 16. b4 Bf8 17. Ne5 g5 18. Nxd7 Nxd7 19. Nxd5 Bxd5 20. Bxc7 Bxg2 21. Kxg2 Qd5+ 22. Qf3 Re4 23. h3 f5 24. Kg1 Rxd4 25. Qh5 Rd2 26. Qg6+ Kh8 27. Bxb6 Rxc1 28. Rxc1 Ne5 29. Qf6+ Kg8 30. e4 Nf3+ 31. Kg2 Qxe4 32. Qg6+ Kh8 33. Qf6+ Bg7 34. Rc8+ Kh7 35. Qe6 Nh4+ 36. Kf1 Qh1# 0-1


[Site "https://www.chess.com"]

[Event "Titled Tuesday Blitz March 14 Late 2023"]
[White "Costachi, Mihnea"]
[Black "Romkachess"]
[WhiteFideId "1217518"]
[WhiteElo "2456"]
[BlackElo "2564"]
[Result "1-0"]
[Round "11"]
[TimeControl "180+2"]
[Date "2023.03.14"]
[WhiteClock "0:00:59"]
[BlackClock "0:00:10"]

1. e4 c5 2. Nf3 d6 3. b3 Nf6 4. Qe2 Nc6 5. Bb2 Bg4 6. h3 Bxf3 7. Qxf3 e5 8. Bc4 Be7 9. O-O Nd4 10. Bxd4 cxd4 11. c3 dxc3 12. Nxc3 O-O 13. Nd5 Nxd5 14. Bxd5 Qb6 15. Rfc1 Bg5 16. Rc2 Rae8 17. Rac1 Re7 18. Rc8 Bf6 19. g4 h6 20. h4 Rd7 21. Rxf8+ Kxf8 22. g5 hxg5 23. hxg5 Bxg5 24. Rc8+ Bd8 25. Qh3 Ke7 26. Qh4+ f6 27. Qg4 1-0


[Site "https://www.chess.com"]

[Event "Titled Tuesday Blitz March 14 Late 2023"]
[White "TimGrutter03"]
[Black "Harvey, Marcus R"]
[BlackFideId "400092"]
[WhiteElo "2528"]
[BlackElo "2457"]
[Result "1-0"]
[Round "11"]
[TimeControl "180+2"]
[Date "2023.03.14"]
[WhiteClock "0:00:21"]
[BlackClock "0:01:40"]

1. e4 c5 2. Nf3 d6 3. d4 cxd4 4. Nxd4 Nf6 5. Nc3 a6 6. h4 e5 7. Nb3 Be7 8. Bg5 Be6 9. Qd2 Nbd7 10. O-O-O b5 11. f4 Rc8 12. f5 Bxb3 13. axb3 b4 14. Nd5 Qa5 15. Kb1 Nxe4 16. Qxb4 Qxb4 17. Nxb4 Bxg5 18. hxg5 a5 19. Nd3 Nxg5 20. g4 Ke7 21. Bg2 Nf6 22. b4 axb4 23. Nxb4 Rc4 24. Nc6+ Rxc6 25. Bxc6 Nxg4 26. Rdg1 Nf2 27. Rxg5 Nxh1 28. Bxh1 Kf6 29. Rh5 Re8 30. Rxh7 e4 31. Kc1 Re5 32. Kd2 d5 33. b4 Rxf5 34. b5 d4 35. Bxe4 Rxb5 36. Kd3 Rb4 37. Rh5 g5 38. Rh1 Ke5 39. Rf1 f6 40. Rf5+ Ke6 41. Rd5 g4 42. Rxd4 Rb5 43. Rd8 f5 44. Bc6 Rc5 45. Bg2 Ke5 46. c4 Kf4 47. Kd4 Re5 48. c5 Re2 49. Bf1 Rd2+ 50. Bd3 g3 51. c6 Rd1 52. c7 g2 53. Rg8 Rc1 54. Bc4 Rd1+ 55. Kc5 1-0


[Site "https://www.chess.com"]

[Event "Titled Tuesday Blitz March 14 Late 2023"]
[White "Mirimanian, Hayk"]
[Black "Golubka, Petro"]
[WhiteFideId "4700180"]
[BlackFideId "14114224"]
[WhiteElo "2280"]
[BlackElo "2391"]
[Result "0-1"]
[Round "11"]
[TimeControl "180+2"]
[Date "2023.03.14"]
[WhiteClock "0:00:12"]
[BlackClock "0:01:52"]

1. e4 e5 2. Nf3 Nc6 3. d4 exd4 4. Nxd4 Nf6 5. Nxc6 bxc6 6. e5 Qe7 7. Qe2 Nd5 8. c4 Ba6 9. b3 g5 10. Ba3 Nb4 11. Bb2 Bg7 12. a3 Nd5 13. g3 O-O-O 14. Nd2 Rhe8 15. O-O-O Nb6 16. f4 d5 17. Qg4+ Kb8 18. cxd5 Bxf1 19. Rhxf1 Nxd5 20. Nc4 Nb6 21. Qxg5 Qxg5 22. fxg5 Rxd1+ 23. Kxd1 Nxc4 24. bxc4 Bxe5 25. Bxe5 Rxe5 26. Rxf7 Rxg5 27. Rxh7 Ra5 28. g4 Rxa3 29. g5 Ra1+ 30. Ke2 Rg1 31. h4 a5 32. Kf2 Rg4 33. Kf3 Rg1 34. Re7 a4 35. c5 a3 36. Re3 a2 37. Ra3 a1=Q 38. Rxa1 Rxa1 39. g6 Rg1 40. h5 Kc8 41. Kf4 Kd7 42. Kf5 Ke7 43. h6 Rf1+ 44. Ke5 Kf8 45. Ke6 Kg8 46. Kd7 Rf6 0-1


[Site "https://www.chess.com"]

[Event "Titled Tuesday Blitz March 14 Late 2023"]
[White "Preotu, Razvan"]
[Black "Sanchez Alvares, Kelvin Antonio"]
[WhiteFideId "2613280"]
[BlackFideId "3906680"]
[WhiteElo "2407"]
[BlackElo "2217"]
[Result "1-0"]
[Round "11"]
[TimeControl "180+2"]
[Date "2023.03.14"]
[WhiteClock "0:02:05"]
[BlackClock "0:01:34"]

1. e4 e5 2. Nf3 Nc6 3. Bc4 Bc5 4. c3 Nf6 5. d3 a5 6. O-O d6 7. Re1 h6 8. Nbd2 O-O 9. Nf1 Be6 10. Bb5 Qb8 11. d4 exd4 12. cxd4 Bb4 13. Re2 Bg4 14. a3 Nxd4 15. Qxd4 Bxf3 16. gxf3 Bc5 17. Qc3 c6 18. Bd3 b5 19. Ng3 Re8 20. Nf5 b4 21. Nxh6+ Kh7 22. Qc4 gxh6 23. Qxf7+ 1-0


[Site "https://www.chess.com"]

[Event "Titled Tuesday Blitz March 14 Late 2023"]
[White "Omelja, Artem"]
[Black "Bilych, Olexiy"]
[WhiteFideId "14119846"]
[BlackFideId "14156504"]
[WhiteElo "2404"]
[BlackElo "2320"]
[Result "0-1"]
[Round "11"]
[TimeControl "180+2"]
[Date "2023.03.14"]
[WhiteClock "0:00:01"]
[BlackClock "0:00:19"]

1. e4 h5 2. d4 e6 3. Nc3 d5 4. exd5 exd5 5. Nf3 c6 6. Bd3 Bd6 7. h3 Ne7 8. Be3 Bf5 9. Qd2 Nd7 10. O-O-O Qc7 11. Rde1 O-O-O 12. Kb1 f6 13. Nh4 Bxd3 14. Qxd3 g5 15. Nf5 Nb6 16. Nxd6+ Qxd6 17. Bc1 Qd7 18. Re2 Rde8 19. Rhe1 Nc4 20. b3 Nd6 21. Ba3 Nef5 22. Bxd6 Nxd6 23. Qg6 Rxe2 24. Rxe2 Qf7 25. Qxf7 Nxf7 26. Re6 Rh6 27. Re7 Nd6 28. Ne2 Kd8 29. Re3 h4 30. c3 Kd7 31. Kc2 Rh8 32. Kd3 Nf5 33. Rf3 Ke6 34. Kd2 a5 35. Nc1 b6 36. Nd3 a4 37. Nb4 axb3 38. axb3 Rc8 39. Nc2 c5 40. dxc5 bxc5 41. Ne3 Nd6 42. Nc2 Ne4+ 43. Kc1 Ke5 44. Re3 d4 45. Re1 d3 46. Kb2 d2 47. Rd1 Ra8 48. Ne3 Kf4 49. Nc4 Ra2+ 50. Kxa2 Nxc3+ 51. Ka3 Nxd1 52. Nxd2 Nxf2 53. Ka4 Ne4 54. Nc4 Kg3 55. Kb5 Kxg2 56. Kc6 g4 57. hxg4 h3 58. Ne3+ Kf2 59. Nd1+ Kf3 0-1


[Site "https://www.chess.com"]

[Event "Titled Tuesday Blitz March 14 Late 2023"]
[White "Fus, Jakub"]
[Black "Stelmaszyk, Nico"]
[WhiteFideId "1193023"]
[BlackFideId "16200462"]
[WhiteElo "2335"]
[BlackElo "2255"]
[Result "0-1"]
[Round "11"]
[TimeControl "180+2"]
[Date "2023.03.14"]
[WhiteClock "0:02:02"]
[BlackClock "0:02:24"]

1. e4 c5 2. Nf3 Nc6 3. Bb5 g6 4. O-O Bg7 5. Bxc6 bxc6 6. Re1 Nf6 7. e5 Nd5 8. d4 cxd4 9. Qxd4 O-O 10. c4 Nc7 11. Nc3 Ne6 12. Qh4 Bb7 13. Bh6 c5 14. Nd5 Re8 15. Bxg7 Kxg7 16. Rad1 Nc7 17. Nf6 exf6 18. Rxd7 Qxd7 19. exf6+ Kh8 20. Qh6 Rxe1+ 21. Nxe1 Rg8 0-1


[Site "https://www.chess.com"]

[Event "Titled Tuesday Blitz March 14 Late 2023"]
[White "Klose, Eli"]
[Black "Mazurkiewicz, Michal"]
[WhiteFideId "16242955"]
[BlackFideId "1124943"]
[WhiteElo "2620"]
[BlackElo "2054"]
[Result "0-1"]
[Round "11"]
[TimeControl "180+2"]
[Date "2023.03.14"]
[WhiteClock "0:00:05"]
[BlackClock "0:00:06"]

1. e4 d6 2. d4 Nf6 3. Bd3 c5 4. d5 g6 5. Nc3 Bg7 6. Nf3 O-O 7. O-O e6 8. h3 exd5 9. exd5 Re8 10. a4 Nbd7 11. Bg5 Ne5 12. Re1 h6 13. Bh4 g5 14. Bg3 Nh5 15. Bxe5 dxe5 16. Nxe5 Nf4 17. Nc4 Rxe1+ 18. Qxe1 Nxd3 19. cxd3 Bf5 20. Qe3 Bxc3 21. bxc3 Qxd5 22. Rd1 b6 23. Qe5 Rd8 24. Qxd5 Rxd5 25. Nb2 Kf8 26. Kf1 c4 27. d4 Bd7 28. Ke2 Ra5 29. Ra1 b5 30. Kd2 Bc6 31. f3 Bd5 32. Kc2 Kg7 33. Kb1 a6 34. axb5 Rxa1+ 35. Kxa1 axb5 36. Nd1 f5 37. Kb2 f4 38. Ka3 Kg6 39. Kb4 Kh5 40. Nf2 Kh4 41. Nh1 h5 42. Kxb5 g4 43. hxg4 hxg4 44. Nf2 g3 45. Nh3 Bxf3 46. Nxf4 Kg4 47. Nh3 Bxg2 48. Ng1 Be4 49. Kxc4 Kf4 50. d5 Ke3 51. d6 Bc6 52. Kc5 Be8 53. Kb6 Kf2 54. Nh3+ Kg2 55. Ng5 Kf1 56. Nf3 Kf2 57. Kc7 Kxf3 58. d7 Bxd7 59. Kxd7 g2 60. c4 g1=Q 61. c5 Qxc5 0-1


[Site "https://www.chess.com"]

[Event "Titled Tuesday Blitz March 14 Late 2023"]
[White "Manelyuk, Daniil"]
[Black "Fernandez, Maria Florencia"]
[WhiteFideId "44173920"]
[BlackFideId "116459"]
[WhiteElo "2259"]
[BlackElo "2155"]
[Result "1-0"]
[Round "11"]
[TimeControl "180+2"]
[Date "2023.03.14"]
[WhiteClock "0:02:02"]
[BlackClock "0:00:22"]

1. e4 c5 2. Nf3 d6 3. d4 cxd4 4. Nxd4 Nf6 5. Nc3 g6 6. f3 Bg7 7. Be3 O-O 8. Qd2 Nc6 9. O-O-O d5 10. exd5 Nxd5 11. Nxc6 bxc6 12. Bd4 e5 13. Bc5 Be6 14. Ne4 Re8 15. h4 h6 16. g4 Qc7 17. g5 h5 18. Bc4 Rad8 19. Qf2 Nb6 20. Bxe6 Rxe6 21. Rxd8+ Qxd8 22. Rd1 Qc7 23. Qd2 Re8 24. Nf6+ Bxf6 25. gxf6 Nd5 26. Qg5 Re6 27. Rxd5 cxd5 28. Qh6 Rxf6 29. Bf8 g5 30. Qg7# 1-0


[Site "https://www.chess.com"]